 Dungeon Crawl Stone Soup version 0.30.1-6-gbe392663c4 (webtiles) character file.

Game seed: 10605574587526599198

1714285 LordWeiramon the Invulnerable (level 27, 264/264 HPs)
             Began as a Minotaur Berserker on Sept 21, 2023.
             Was the Champion of Trog.
             Escaped with the Orb
             ... and 3 runes!
             The game lasted 04:16:06 (70412 turns).

LordWeiramon the Invulnerable (Minotaur Berserker) Turns: 70412, Time: 04:16:07

Health: 264/264    AC: 44    Str: 35    XL:     27
Magic:  22/22      EV: 30    Int:  9    God:    Trog [******]
Gold:   3664       SH: 32    Dex: 21    Spells: 26/26 levels left

rFire   + + .        a - +9 broad axe (heavy)
rCold   + + .        s - +0 tower shield
rNeg    + + .        l - +6 gold dragon scales
rPois   +            h - +0 mask of the Dragon {Will+ Slay+3 SInv}
rElec   .            W - +0 cloak "Tuos" {rN++ Will+ rCorr}
rCorr   +            T - +1 pair of gloves {Dex+3}
SInv    +            U - +2 pair of boots
Will    ++++.        o - amulet "Akhuk" {Reflect Str+4 SH+5} Stlth
                     L - ring "Qythyf" {rPois EV+5 Str+3}
HPRegen 0.64/turn    e - ring "Sitaism" {rF+ Int+5}
MPRegen 0.18/turn

%: reflection
@: studying Long Blades
A: horns 2, retaliatory headbutt, iridescent scales 1, cold resistance 1,
inability to drink after injury 1, sturdy frame 1, noise suppression
0: Orb of Zot
}: 3/15 runes: serpentine, barnacled, silver
a: Renounce Religion, Berserk, Trog's Hand, Brothers in Arms


You escaped.
You worshipped Trog.
Trog was exalted by your worship.
You visited 10 branches of the dungeon, and saw 50 of its levels.
You visited 2 bazaars.
You also visited: Ossuary and Wizlab.

You collected 7640 gold pieces.
You spent 3976 gold pieces at shops.

Inventory:

Hand Weapons
 a - a +9 heavy broad axe (weapon)
Missiles
 r - 14 javelins
 t - 6 throwing nets
 y - 25 curare-tipped darts (quivered)
 R - 8 silver javelins
Armour
 h - the +0 mask of the Dragon (worn) {Will+ Slay+3 SInv}
   (You bought it in a shop in a bazaar)

   Slay:      It affects your accuracy & damage with ranged weapons and melee
   (+3).
   SInv:      It lets you see invisible.
   Will:      It increases your willpower.
 l - +6 gold dragon scales (worn)
 n - the +2 pair of gloves of the Monkey's Uncle {rN+ Int+3 Stlth+}
   (You found it on level 2 of the Depths)

   Int:       It affects your intelligence (+3).
   rN:        It protects you from negative energy.
   Stlth:     It makes you more stealthy.
 s - a +0 tower shield (worn)
 T - a +1 pair of gloves of dexterity (worn)
 U - a +2 pair of boots (worn)
 W - the +0 cloak "Tuos" (worn) {rN++ Will+ rCorr}
   (You found it on level 4 of the Shoals)

   rN:        It greatly protects you from negative energy.
   rCorr:     It protects you from acid and corrosion.
   Will:      It increases your willpower.
Jewellery
 b - a ring of protection from cold
 e - the ring "Sitaism" (right hand) {rF+ Int+5}
   (You acquired it on level 1 of the Depths)

   [ring of protection from fire]

   Int:       It affects your intelligence (+5).
   rF:        It protects you from fire.
 f - a ring of flight
 o - the amulet "Akhuk" (around neck) {Reflect Str+4 SH+5}
   (You acquired it on level 3 of the Depths)

   [amulet of reflection]

   It reflects blocked missile attacks.
   Str:       It affects your strength (+4).
   SH:        It affects your SH (+5).
 G - the amulet of Doors {Reflect rPois Int+3 SH+5}
   (You found it in a wizard's laboratory)

   [amulet of reflection]

   It reflects blocked missile attacks.
   Int:       It affects your intelligence (+3).
   rPois:     It protects you from poison.
   SH:        It affects your SH (+5).
 L - the ring "Qythyf" (left hand) {rPois EV+5 Str+3}
   (You bought it in a shop on level 1 of the Elven Halls)

   [ring of evasion]

   EV:        It affects your evasion (+5).
   Str:       It affects your strength (+3).
   rPois:     It protects you from poison.
Wands
 m - a wand of polymorph (20)
 p - a wand of mindburst (42)
 q - a wand of quicksilver (52)
 w - a wand of digging (16)
 A - a wand of charming (79)
 F - a wand of roots (39)
 O - a wand of flame (114)
Scrolls
 j - 27 scrolls of teleportation
 v - 8 scrolls of fog
 C - 10 scrolls of magic mapping
 I - 2 scrolls of butterflies
 J - 3 scrolls of silence
 M - 6 scrolls of fear
 N - 10 scrolls of poison
 V - 3 scrolls of blinking
Potions
 g - 34 potions of mutation
 i - 10 potions of heal wounds
 k - 27 potions of curing
 x - 7 potions of haste
 E - 9 potions of resistance
 H - 4 potions of berserk rage
 K - 11 potions of might
 Q - 6 potions of attraction
 S - 7 potions of invisibility
 X - 9 potions of cancellation
 Z - 6 potions of flight
Miscellaneous
 c - a lightning rod (4/4)
 d - a phantom mirror
 u - a tin of tremorstones (2/2)
 P - a phial of floods
 Y - a box of beasts


   Skills:
 + Level 24.9 Fighting
 - Level 3.2 Short Blades
 + Level 26.5 Axes
 O Level 27 Armour
 + Level 25.4 Dodging
 O Level 27 Shields
 - Level 10.0 Evocations


You had 26 spell levels left.
You didn't know any spells.
Your spell library was empty.

Dungeon Overview and Level Annotations

Branches:
Dungeon (15/15)            Temple (0/1) D:6            Lair (5/5) D:10
 Shoals (4/4) Lair:3        Snake (4/4) Lair:3        Slime (0/5) Lair:5
    Orc (2/2) D:10            Elf (3/3) Orc:2        Vaults (5/5) D:13
  Crypt (3/3) Vaults:2       Tomb (0/3) Crypt:3      Depths (4/4) D:15
    Zot (5/5) Depths:4    Ossuary (visited)          WizLab (visited)

Altars:
Cheibriados
Gozag
Kikubaaqudgha
Okawaru
Sif Muna
Trog
Vehumet
Wu Jian
Yredelemnul
Jiyva

Shops:
D:14 *   Orc:1 (   Orc:2 (!(*(   Elf:1 :=:   Elf:2 [   Snake:2 :**   Vaults:3 ?

Portals:
Hell: Depths:1 Depths:2 Depths:3 Depths:4
Abyss: Depths:3
Pandemonium: Depths:2
Ziggurat: Depths:3


Innate Abilities, Weirdness & Mutations

You have a pair of horns on your head.
You reflexively headbutt those who attack you in melee.
You are partially covered in iridescent scales. (AC +2)
Your flesh is cold resistant. (rC+)
You occasionally lose the ability to drink potions when taking damage.
Your movements are slightly less encumbered by armour. (ER -2)
You passively dampen the noise of your surroundings.


Message History

There is a stone staircase leading up here.
You climb upwards.
There is a stone staircase leading down here.
As you open the door, it creaks loudly!
(D) Dungeon (T) Temple (L) Lair (A) Shoals (P) Snake Pit (M) Slime Pits (O) Orcish Mines (E) Elven Halls (V) Vaults (C) Crypt (W) Tomb (U) Depths (H) Hell (Z) Zot
Where to? (Enter - D:1, ? - help)
There is an open door here.
Things that are here:
a +0 club; a +0 club
There is a stone staircase leading up here.
You climb upwards.
There is a stone staircase leading down here.
There is a stone staircase leading up here.
You climb upwards.
There is a stone staircase leading down here.
You see here a +0 whip.
You see here a +0 giant club.
There is a stone staircase leading up here.
You climb upwards.
There is a stone staircase leading down here.
There is a stone staircase leading up here.
You climb upwards.
There is a stone staircase leading down here.
There is a stone staircase leading up here.
You climb upwards.
There is a stone staircase leading down here.
There is a stone staircase leading up here.
You climb upwards.
There is a stone staircase leading down here.
You see here a +0 robe.
A Brimstone Fiend comes into view.
Blink to where?
Press: ? - help, Dir - move target
As you read the scroll of blinking, it crumbles to dust.
The Brimstone Fiend moves out of view.
There is a staircase leading out of the dungeon here.
You have escaped!

....#.##########.##########......
....#.#..#.............#.(#......
....#.#.#...............#.#......
....#.##.......#.#.......####.##.
.#..#.#......#.#.#.#......# #....
....#.#.....##.#.#.##.....# ###..
.####.#.......⌠#.#⌠.......# #...#
......#..#######.#######..###.###
.##.............@.........)...#
......#..#######.#######..###.#
.##...#.......⌠#.#⌠.......###.#
.###.##.....##.#.#.##.....##..##
.######......#.#.#.#......##...#
..## ##1......#.#.......##....#
...####.#...............#.#....#
......#..#.............#..#.####
......##########.##########.#####


There were no monsters in sight!

Vanquished Creatures
  7 dread liches
  2 orbs of fire (Zot:5)
  6 ancient liches
  2 Killer Klowns (Zot:5)
  Saint Roka (Crypt:1)
  4 curse toes
  5 golden dragons
  The ghost of Plog the Warrior, an adept DgCj (Depths:2)
  Nikola (Depths:1)
  A mutant beast (WizLab)
  Jory (Depths:3)
  the Enchantress (Depths:3)
  A bone dragon (Depths:4)
  18 tentacled monstrosities
  2 electric golems (Zot:5)
  Jorgrun (Snake:1)
  3 deep elf blademasters
  7 liches
  Asterion (Snake:1)
  25 Orb Guardians (Zot:5)
  2 deep elf master archers (Elf:3)
  A walking divine tome (Depths:3)
  A quicksilver dragon (shapeshifter) (Vaults:5)
  The ghost of Ughomex the Executioner, an adept HOBe of Trog (Elf:1)
  7 titans
  14 quicksilver dragons
  9 death cobs
  6 ancient champions
  16 storm dragons
  4 sphinxes
  8 shadow dragons
  An azure jelly (shapeshifter) (Vaults:3)
  11 nagarajas
  3 tengu reavers (Vaults:5)
  Ilsuiw (Shoals:3)
  10 draconian monks
  6 frost giants
  6 revenants
  8 fire giants
  2 iron dragons (Vaults:5)
  5 deep elf sorcerers
  5 ghost moths
  15 vault wardens
  6 draconian knights
  3 curse skulls
  A balrug (D:13)
  4 deep elf elementalists (Elf:3)
  3 cacodemons
  4 ghouls
  8 draconian shifters
  5 draconian annihilators
  4 draconian scorchers
  16 ironbound preservers
  An orc warlord (Vaults:3)
  3 spriggan defenders (Depths:3)
  3 draconian stormcallers
  2 war gargoyles
  59 very ugly things
  2 reapers
  18 stone giants
  10 ironbound thunderhulks
  12 green draconians
  14 deep elf annihilators
  10 vampire knights
  9 black draconians
  6 deep elf demonologists
  12 spark wasps
  12 yellow draconians
  8 white draconians
  18 dire elephants
  6 purple draconians
  8 eidola
  8 red draconians
  2 mummy priests (Crypt:3)
  A blizzard demon (Depths:2)
  2 crystal guardians (Vaults:4)
  An ettin (shapeshifter) (Depths:1)
  13 ettins
  5 deep elf death magi
  A green death (Depths:1)
  4 merfolk impalers
  5 fire dragons
  2 entropy weavers
  9 great orbs of eyes
  4 deep elf high priests
  A merfolk javelineer (Shoals:4)
  A spriggan zombie (Crypt:3)
  11 yaktaur captains
  15 jiangshi
  3 salamander tyrants (Snake:4)
  7 ice dragons
  2 hell beasts
  A spriggan skeleton (Crypt:3)
  5 hydras
  4 spriggan air magi
  A peacekeeper (Vaults:4)
  2 rakshasas (Depths:2)
  25 naga warriors
  3 merfolk aquamancers (Shoals:4)
  6 merfolk avatars
  An alligator snapping turtle (Shoals:3)
  7 ironbound frosthearts
  7 ogre magi
  31 vault guards
  Erica (Orc:1)
  An alligator snapping turtle (shapeshifter) (Vaults:5)
  7 anacondas
  5 death yaks (Lair:5)
  11 centaur warriors
  2 satyrs (Shoals:4)
  2 death knights
  23 two-headed ogres
  4 catoblepae (Lair:5)
  The ghost of Fractals the Fighter, a novice DsBr of Gozag (D:8)
  33 dancing weapons
  5 tengu warriors
  10 vampire magi
  3 boulder beetles
  6 deep troll earth magi
  3 deep troll shamans
  3 hell hogs
  The ghost of Coesosos the Magician, a novice DrCj of Sif Muna (Lair:1)
  6 spriggan berserkers
  2 orc high priests
  8 naga sharpshooters
  13 deep elf knights
  5 spriggans
  8 sun demons
  9 shock serpents
  A titan skeleton (Crypt:3)
  2 titan zombies (Crypt:3)
  12 soul eaters
  A hell knight (Depths:1)
  Lodul (D:10)
  Sonja (D:11)
  42 skeletal warriors
  5 shadow wraiths
  A spark wasp zombie (Crypt:2)
  3 sixfirhies
  A goliath frog (Depths:1)
  3 iron trolls
  2 skysharks
  67 deep trolls
  3 salamander mystics (Snake:4)
  A golden dragon zombie (Crypt:3)
  A bog body (Crypt:3)
  10 sea snakes
  A ghost moth zombie (Crypt:2)
  10 deep elf archers
  A flayed ghost (Crypt:2)
  11 phantasmal warriors
  2 swamp dragons (shapeshifter) (WizLab)
  2 glowing orange brains
  34 ironbound convokers
  An obsidian statue (D:14)
  A deep troll (shapeshifter) (Vaults:5)
  2 harpies (shapeshifter) (WizLab)
  16 harpies
  19 deep elf zephyrmancers
  5 wizards
  5 naga ritualists
  2 necromancers
  A shadow dragon zombie (Crypt:1)
  5 mana vipers
  A broodmother zombie (Crypt:2)
  A wolf spider (Depths:1)
  6 fauns
  19 lindwurms
  6 orc knights
  28 deep elf pyromancers
  12 cyclopes
  A stone giant zombie (Vaults:5)
  14 manticores
  A manticore (shapeshifter) (Depths:2)
  43 ugly things
  A shadow dragon skeleton (Vaults:1)
  2 shining eyes (Depths:3)
  A fire giant zombie (Crypt:1)
  A salamander (shapeshifter) (WizLab)
  A goliath frog skeleton (Crypt:2)
  A cyclops (shapeshifter) (WizLab)
  3 human skeletons
  2 orc sorcerers
  4 elephants (Lair:2)
  27 moths of wrath
  Joseph (D:8)
  A guardian serpent (shapeshifter) (Elf:1)
  16 salamanders
  13 merfolk sirens
  An eye of devastation (Depths:3)
  Maurice (D:8)
  2 elephants (shapeshifter)
  15 naga magi
  4 black mambas (shapeshifter)
  26 black mambas
  The ghost of IHitMyHead the Covered, a novice MiFi (D:6)
  10 guardian serpents
  23 vault sentinels
  A demonic crawler (Depths:1)
  An orange demon (Zot:5)
  6 water nymphs
  3 smoke demons (Depths:1)
  5 gargoyles
  Psyche (D:9)
  16 cane toads
  4 freezing wraiths
  4 rime drakes
  An elf skeleton (Vaults:1)
  A hellion (D:11)
  A kobold demonologist (D:8)
  8 komodo dragons
  11 unseen horrors
  An ice devil (D:15)
  A rime drake (shapeshifter) (WizLab)
  An efreet (Zot:3)
  An iron troll skeleton (Crypt:2)
  23 merfolk
  24 yaktaurs
  9 guardian mummies
  A silent spectre (Vaults:4)
  3 meliai (D:13)
  A redback zombie (Crypt:3)
  A queen bee (Lair:1)
  7 trolls
  3 trolls (shapeshifter)
  2 meliai (shapeshifter) (WizLab)
  A death drake zombie (Crypt:1)
  2 hornets (shapeshifter)
  8 hornets
  A harpy zombie (Crypt:2)
  A tarantella (shapeshifter) (WizLab)
  7 wind drakes
  A raiju (shapeshifter) (WizLab)
  12 snapping turtles
  A wind drake (shapeshifter) (WizLab)
  2 dream sheep (shapeshifter) (WizLab)
  A tarantella zombie (Crypt:2)
  2 polar bears (shapeshifter)
  A great orb of eyes zombie (Crypt:3)
  3 harpy skeletons (Crypt:3)
  26 blink frogs
  6 dream sheep
  52 slime creatures
  8 large abominations
  3 jumping spiders (shapeshifter)
  An ettin skeleton (Vaults:5)
  2 culicivoras (Vaults:4)
  7 flying skulls
  A vampire (D:14)
  A spriggan (shapeshifter) (WizLab)
  9 water elementals
  5 wraiths
  3 wyverns
  A basilisk (shapeshifter) (WizLab)
  5 fire elementals
  45 yaks
  5 basilisks
  A golden eye (shapeshifter) (Elf:2)
  9 redbacks
  A chaos spawn (Depths:1)
  2 humans (shapeshifter) (WizLab)
  9 vampire mosquitoes
  A neqoxec (D:15)
  A swamp worm (shapeshifter) (Elf:2)
  3 steam dragons
  45 nagas
  Menkaure (D:6)
  Edmund (D:4)
  A glowing shapeshifter zombie (Vaults:5)
  A warg (Orc:2)
  5 acid dragons
  2 hell hounds (Lair:1)
  A floating eye (shapeshifter) (Vaults:2)
  8 floating eyes
  A naga skeleton (Crypt:3)
  7 small abominations
  17 water moccasins
  A deep troll skeleton (Crypt:2)
  2 black bears
  A sky beast (D:7)
  2 manticore zombies
  4 ice beasts
  A sky beast (shapeshifter) (WizLab)
  17 orc warriors
  A boggart (Vaults:4)
  A wolf (shapeshifter) (Depths:2)
  38 ogres
  4 wolves (Lair:1)
  14 centaurs
  A torpor snail zombie (Crypt:2)
  3 phantoms
  11 kobold brigands
  12 bullfrogs
  2 gnoll sergeants
  3 scorpions
  2 earth elementals (Elf:1)
  2 water moccasin zombies (Ossuary)
  A necrophage (Crypt:1)
  A yaktaur skeleton (Crypt:1)
  4 wights (D:7)
  A yak zombie (Crypt:1)
  5 killer bees (Lair:1)
  3 howler monkeys
  An electric eel (Snake:2)
  2 hounds
  2 gnoll boudas
  13 orc priests
  5 human zombies
  2 jellies
  Jessica (D:2)
  2 sleepcaps
  Ijyb (D:4)
  A boggart zombie (Crypt:3)
  8 iguanas
  18 orc wizards
  A hell rat (Depths:1)
  2 human simulacra (D:10)
  A hound zombie (Crypt:3)
  8 mummies
  26 gnolls
  4 adders
  A river rat (shapeshifter) (Depths:2)
  3 ufetubi
  A worm zombie (D:8)
  4 adder zombies (Ossuary)
  A worm (D:3)
  3 dart slugs (D:4)
  75 orcs
  7 endoplasms
  4 giant cockroaches
  7 gnoll zombies (Ossuary)
  5 goblins
  10 hobgoblins
  A quokka (shapeshifter) (Depths:2)
  6 quokkas
  6 ball pythons
  3 bats
  9 frilled lizards
  A frilled lizard (shapeshifter) (Depths:2)
  10 hobgoblin zombies (Ossuary)
  11 kobolds
  5 kobold zombies (Ossuary)
  An orc skeleton (Crypt:1)
  4 orc zombies
  6 rats
  A fire vortex (Depths:1)
  A spectral weapon (Depths:3)
2327 creatures vanquished.

Vanquished Creatures (collateral kills)
  A titan (Vaults:4)
  2 orc warlords (Vaults:4)
  A yellow draconian (Zot:4)
  The ghost of IHitMyHead the Cleaver, a journeyman MiFi of the Shining One (D:14)
  2 merfolk javelineers (Shoals:4)
  2 merfolk impalers (Shoals:4)
  A salamander tyrant (Snake:4)
  A merfolk avatar (Shoals:4)
  A spriggan air mage (Depths:3)
  2 naga warriors (Snake:4)
  2 deep trolls (Vaults:4)
  A sea snake (Shoals:4)
  4 harpies (Shoals:4)
  A phantasmal warrior (D:14)
  A manticore (Shoals:4)
  2 orc knights (Vaults:4)
  2 ugly things (Vaults:4)
  A moth of wrath (Vaults:4)
  2 merfolk sirens (Shoals:4)
  A merfolk (Shoals:4)
  2 blink frogs (Lair:5)
  2 yaks (Lair:5)
  An iron golem (WizLab)
  A howler monkey (D:14)
37 creatures vanquished.

Vanquished Creatures (others)
  A draconian shifter (Zot:4)
  An orc wizard (D:4)
  A gnoll (shapeshifter) (Depths:2)
  An endoplasm (shapeshifter) (Depths:2)
  A giant cockroach (shapeshifter) (Depths:2)
  A jackal (shapeshifter) (Depths:2)
6 creatures vanquished.

Grand Total: 2370 creatures vanquished

Notes
Turn   | Place    | Note
-------+----------+-------------------------------------------
     0 | D:1      | LordWeiramon the Minotaur Berserker began the quest for the
                  | Orb.
     0 | D:1      | Reached XP level 1. HP: 19/19 MP: 0/0
   190 | D:1      | Reached XP level 2. HP: 28/28 MP: 1/1
   411 | D:1      | Reached ** piety under Trog
   445 | D:1      | Reached skill level 1 in Axes
   774 | D:2      | Found a radiant altar of Vehumet.
   889 | D:2      | Reached XP level 3. HP: 28/34 MP: 2/2
  1213 | D:2      | Identified the ring of the Harvest {*Corrode MP+9 Dex+4}
  1385 | D:2      | Noticed Jessica
  1389 | D:2      | Killed Jessica
  1390 | D:2      | Reached XP level 4. HP: 41/41 MP: 3/3
  1974 | D:3      | Noticed a scorpion
  1986 | D:3      | Killed a scorpion
  1987 | D:3      | Reached skill level 5 in Axes
  1987 | D:3      | Reached XP level 5. HP: 47/47 MP: 4/4
  2093 | D:3      | Found an iron altar of Okawaru.
  2260 | D:3      | Found an ornate altar of the Wu Jian Council.
  2486 | D:4      | Noticed a phantom
  2528 | D:4      | Killed a phantom
  2529 | D:4      | Reached XP level 6. HP: 53/53 MP: 5/5
  2604 | D:4      | Noticed Edmund
  2622 | D:4      | Killed Edmund
  2625 | D:4      | Reached *** piety under Trog
  2710 | D:4      | Noticed Ijyb
  2719 | D:4      | Killed Ijyb
  2721 | D:4      | Reached XP level 7. HP: 46/60 MP: 3/6
  3073 | D:5      | Entered Level 5 of the Dungeon
  3160 | D:5      | Reached skill level 10 in Axes
  3213 | D:5      | Reached skill level 5 in Fighting
  3347 | D:5      | Reached XP level 8. HP: 46/70 MP: 3/7
  3518 | D:5      | Reached skill level 5 in Armour
  3976 | D:5      | Identified the +0 scale mail of Bad Feelings {rF- rC++
                  | Slay+6}
  4241 | D:6      | Reached **** piety under Trog
  4347 | D:6      | Reached skill level 5 in Dodging
  4578 | D:6      | Noticed a gargoyle
  4579 | D:6      | Found a runed translucent gate.
  4581 | D:6      | Found a runed translucent gate.
  4582 | D:6      | Found a runed translucent gate.
  4585 | D:6      | Noticed IHitMyHead's ghost (novice MiFi)
  4712 | D:6      | Found a staircase to the Ecumenical Temple.
  4796 | D:6      | Reached XP level 9. HP: 68/75 MP: 8/8
  4939 | D:6      | Noticed Menkaure
  4949 | D:6      | Killed Menkaure
  5601 | D:7      | Reached skill level 1 in Evocations
  6949 | D:7      | Reached XP level 10. HP: 76/83 MP: 7/9
  6999 | D:8      | Noticed Joseph
  7009 | D:8      | Killed Joseph
  7084 | D:8      | Found a runed translucent gate.
  7085 | D:8      | Found a runed translucent gate.
  7086 | D:8      | Found a runed translucent gate.
  7187 | D:8      | Found a sand-covered staircase.
  7190 | D:8      | Noticed Maurice
  7202 | D:8      | Killed Maurice
  7213 | Ossuary  | Entered an ossuary
  7253 | Ossuary  | Reached skill level 1 in Shields
  7342 | Ossuary  | Reached ***** piety under Trog
  7601 | D:8      | Found a snail-covered altar of Cheibriados.
  7602 | D:8      | Found a shimmering blue altar of Sif Muna.
  7632 | D:8      | Identified the +6 dagger of Dithmenos's Generosity {freeze,
                  | rElec}
  7792 | D:8      | Noticed Fractals's ghost (novice DsBr)
  7937 | D:6      | Killed a gargoyle
  7944 | D:6      | Killed IHitMyHead's ghost
  7945 | D:6      | Reached skill level 5 in Shields
  8359 | D:9      | Paralysed by a hornet for 2 turns
  8702 | D:9      | Noticed Psyche
  8709 | D:9      | Killed Psyche
  8711 | D:9      | Noticed a two-headed ogre
  8723 | D:9      | Killed a two-headed ogre
  8724 | D:9      | Reached XP level 11. HP: 95/95 MP: 7/10
  9246 | D:10     | Entered Level 10 of the Dungeon
  9270 | D:10     | Noticed Lodul
  9302 | D:10     | Received a gift from Trog
  9435 | D:10     | Found a staircase to the Lair.
  9646 | D:10     | Reached skill level 10 in Fighting
  9646 | D:10     | Killed Lodul
  9843 | D:10     | Found a staircase to the Orcish Mines.
 10483 | D:11     | Reached skill level 10 in Armour
 10856 | D:11     | Noticed a boulder beetle
 10857 | D:11     | Noticed a two-headed ogre
 10866 | D:11     | Killed a two-headed ogre
 10869 | D:11     | Killed a boulder beetle
 10982 | D:11     | Noticed Sonja
 10985 | D:11     | Killed Sonja
 11285 | Lair:1   | Entered Level 1 of the Lair of Beasts
 11354 | Lair:1   | Reached skill level 10 in Dodging
 11354 | Lair:1   | Reached XP level 12. HP: 105/108 MP: 9/11
 11607 | Lair:1   | Received a gift from Trog
 11761 | Lair:1   | Noticed Coesosos's ghost (novice DrCj)
 11783 | Lair:1   | Found a transporter.
 11788 | Lair:1   | Found a transporter.
 11792 | Lair:1   | Found a transporter.
 11820 | Lair:1   | Found a transporter.
 13589 | Lair:3   | Found a staircase to the Snake Pit.
 13674 | Lair:3   | Found a staircase to the Shoals.
 13710 | Lair:3   | Reached XP level 13. HP: 114/114 MP: 12/12
 14851 | Lair:4   | Reached skill level 15 in Armour
 15687 | Lair:5   | Entered Level 5 of the Lair of Beasts
 15935 | Lair:5   | Found a viscous altar of Jiyva.
 15936 | Lair:5   | Found a staircase to the Slime Pits.
 15955 | Lair:5   | Received a gift from Trog
 16117 | Lair:5   | Reached skill level 15 in Axes
 16861 | Lair:5   | Reached XP level 14. HP: 109/122 MP: 11/13
 17057 | Lair:1   | Killed Coesosos's ghost
 17073 | Lair:1   | Paralysed by a hornet for 3 turns
 17457 | Lair:1   | Identified the +3 falchion "Plog" {venom, rPois rN+}
 17569 | D:8      | Killed Fractals's ghost
 17751 | D:12     | Received a gift from Trog
 19602 | D:13     | Found a gate to the Vaults.
 20002 | D:14     | Found a runed translucent gate.
 20002 | D:14     | Found a runed translucent gate.
 20002 | D:14     | Found a runed translucent gate.
 20359 | D:14     | Identified the +4 quarterstaff of the Twelve Continents
                  | {pain, rN+ Str-2 Int+5}
 20622 | D:14     | Found an opulent altar of Gozag.
 20624 | D:14     | Noticed IHitMyHead's ghost (journeyman MiFi)
 20625 | D:14     | Found Yrcheixed's Assorted Antiques.
 20640 | D:14     | Killed IHitMyHead's ghost
 21016 | D:14     | Bought a scroll of teleportation for 81 gold pieces
 21016 | D:14     | Bought a pair of embroidered gloves for 202 gold pieces
 21016 | D:14     | Bought a clear potion for 24 gold pieces
 21016 | D:14     | Bought an emerald potion for 24 gold pieces
 21032 | D:14     | Bought a scorched morningstar for 243 gold pieces
 21032 | D:14     | Identified the +1 morningstar of the Wraith {drain, rN+
                  | Str+4} (You bought it in a shop on level 14 of the Dungeon)
 21047 | D:15     | Entered Level 15 of the Dungeon
 21062 | D:15     | Reached skill level 10 in Shields
 21221 | D:15     | Reached XP level 15. HP: 66/130 MP: 7/14
 21974 | D:15     | Found a staircase to the Depths.
 22422 | Orc:1    | Entered Level 1 of the Orcish Mines
 22480 | Orc:1    | Noticed Erica
 22485 | Orc:1    | Killed Erica
 22738 | Orc:1    | Found Juaw Xaa's Weapon Emporium.
 22972 | Orc:2    | Entered Level 2 of the Orcish Mines
 23114 | Orc:2    | Reached skill level 15 in Shields
 23125 | Orc:2    | Received a gift from Trog
 23152 | Orc:2    | Found Zaloxaof's Weapon Shop.
 23152 | Orc:2    | Found Kirghoofu's General Store.
 23153 | Orc:2    | Found Iloica's Antique Weapon Emporium.
 23153 | Orc:2    | Found Yraha's Distillery.
 23230 | Orc:2    | Found a staircase to the Elven Halls.
 23307 | Orc:2    | Reached ****** piety under Trog
 23471 | Orc:2    | Bought a potion of curing for 39 gold pieces
 23471 | Orc:2    | Bought a scroll of silence for 123 gold pieces
 23471 | Orc:2    | Bought a potion of mutation for 104 gold pieces
 23472 | Orc:2    | Bought a potion of curing for 39 gold pieces
 23472 | Orc:2    | Bought a potion of might for 52 gold pieces
 23472 | Orc:2    | Bought a potion of curing for 39 gold pieces
 23472 | Orc:2    | Bought a potion of degeneration for 13 gold pieces
 23526 | Orc:2    | Found Fungatwo's Antique Weapon Shop.
 24022 | Snake:1  | Entered Level 1 of the Snake Pit
 24158 | Snake:1  | Noticed Asterion
 24167 | Snake:1  | Killed Asterion
 24237 | Snake:1  | Noticed Jorgrun
 24272 | Snake:1  | Killed Jorgrun
 24691 | Snake:1  | Reached XP level 16. HP: 146/146 MP: 15/15
 25028 | Snake:1  | Received a gift from Trog
 25344 | Snake:2  | Reached skill level 15 in Fighting
 25658 | Snake:2  | Found Fyschuent's Book Emporium.
 25660 | Snake:2  | Found Ifeynoda's General Store.
 25662 | Snake:2  | Found Impim's General Store.
 25688 | Snake:2  | Bought a potion of magic for 144 gold pieces
 25688 | Snake:2  | Bought a scroll of fog for 72 gold pieces
 25689 | Snake:2  | Bought a scroll of identify for 36 gold pieces
 25694 | Snake:2  | Bought a ring of fire for 450 gold pieces
 27180 | Snake:2  | Reached skill level 15 in Dodging
 28968 | Snake:4  | Entered Level 4 of the Snake Pit
 29017 | Snake:4  | Found a flickering gateway to a bazaar.
 29023 | Bazaar   | Entered a bazaar
 29023 | Bazaar   | Found Siasaw Reef's Armour Emporium.
 29097 | Bazaar   | Found Yheikhiy's Jewellery Boutique.
 29099 | Bazaar   | Bought the +0 mask of the Dragon {Will+ Slay+3 SInv} for
                  | 300 gold pieces
 29099 | Bazaar   | Found the +0 mask of the Dragon {Will+ Slay+3 SInv}
 29115 | Bazaar   | Found Ihaykh's Weapon Shoppe.
 29121 | Bazaar   | Found Suerro's Book Emporium.
 29138 | Bazaar   | Found Sicsus's Assorted Antiques.
 29146 | Bazaar   | Bought a scroll labelled DEIL UGGATZ for 20 gold pieces
 29148 | Bazaar   | Bought 2 potions of curing for 120 gold pieces
 29406 | Snake:4  | Received a gift from Trog
 30555 | Snake:4  | Reached XP level 17. HP: 70/156 MP: 6/16
 31891 | Snake:4  | Got a serpentine rune of Zot
 32280 | Snake:4  | Received a gift from Trog
 33301 | Shoals:1 | Entered Level 1 of the Shoals
 34621 | Shoals:2 | Received a gift from Trog
 35221 | Shoals:2 | Noticed a titan
 35395 | Shoals:2 | Killed a titan
 36074 | Shoals:3 | Noticed Ilsuiw
 36094 | Shoals:3 | Killed Ilsuiw
 36095 | Shoals:3 | Reached XP level 18. HP: 160/163 MP: 17/17
 36668 | Shoals:4 | Entered Level 4 of the Shoals
 36827 | Shoals:4 | Identified the +2 hand axe "Eviscerator" {pain, rN++ Str-4
                  | SInv}
 37331 | Shoals:4 | Got a barnacled rune of Zot
 37670 | Shoals:4 | Identified the +9 quarterstaff of Impatience {venom,
                  | Fragile Int+3 Dex+4}
 37841 | Shoals:4 | Received a gift from Trog
 37903 | Shoals:4 | Identified the +0 cloak "Tuos" {rN++ Will+ rCorr}
 38262 | Vaults:1 | Entered Level 1 of the Vaults
 38386 | Vaults:1 | Identified the +11 scimitar "Jiaro" {flame, +Blink rCorr
                  | Int-2 Dex+3}
 38439 | Vaults:1 | Found a flickering gateway to a bazaar.
 38451 | Bazaar   | Entered a bazaar
 38460 | Bazaar   | Found Dafucsej's Antique Weapon Emporium.
 38473 | Bazaar   | Found Muhasomo's Antique Weapon Shoppe.
 38490 | Bazaar   | Found Rulaopuq's Antique Armour Shoppe.
 38501 | Bazaar   | Found Rugeudos's Antique Armour Emporium.
 38524 | Bazaar   | Bought a polished plate armour for 672 gold pieces
 38524 | Bazaar   | Identified the +0 plate armour of Spring {rF+} (You bought
                  | it in a shop in a bazaar)
 38534 | Bazaar   | Bought an embroidered cloak for 180 gold pieces
 38823 | Vaults:1 | Reached skill level 5 in Evocations
 39192 | Vaults:1 | Received a gift from Trog
 40092 | Vaults:2 | Reached XP level 19. HP: 154/170 MP: 18/18
 40604 | Vaults:2 | Found a staircase to the Crypt.
 40604 | Vaults:2 | Found a basalt altar of Yredelemnul.
 40605 | Vaults:2 | Found an ancient bone altar of Kikubaaqudgha.
 40714 | Vaults:2 | Reached skill level 10 in Evocations
 40795 | Vaults:2 | Received a gift from Trog
 42042 | Vaults:3 | Received a gift from Trog
 42110 | Vaults:3 | Found Viuriask's Magic Scroll Shop.
 42123 | Vaults:3 | Bought a scroll of teleportation for 39 gold pieces
 42123 | Vaults:3 | Bought a scroll of fog for 52 gold pieces
 42123 | Vaults:3 | Bought a scroll of fear for 52 gold pieces
 42123 | Vaults:3 | Bought a scroll of identify for 26 gold pieces
 42123 | Vaults:3 | Bought a scroll of identify for 26 gold pieces
 42752 | Vaults:3 | Identified the +3 mace "Hydra's Curse" {speed, +Blink Str+3
                  | Int+2}
 42857 | Vaults:3 | Reached XP level 20. HP: 178/178 MP: 19/19
 43032 | Vaults:3 | Received a gift from Trog
 43430 | Vaults:4 | Found a transporter.
 43437 | Vaults:4 | Found a transporter.
 44576 | Vaults:4 | Received a gift from Trog
 44901 | Vaults:4 | Identified the +1 robe of Brilliance {Will+ Dex+3 Slay-5}
 45053 | Vaults:4 | Found a bloodstained altar of Trog.
 45053 | Vaults:4 | Found the necklace of Bloodlust {Fury *Rage Will++ Int-3
                  | Slay+6}
 45131 | Vaults:4 | Found a runed translucent door.
 45581 | Vaults:4 | Identified the +0 chain mail "Enec" {rElec Will+ Str+4
                  | Int-4 Dex+2}
 45860 | Elf:1    | Entered Level 1 of the Elven Halls
 46035 | Elf:1    | Found a runed translucent door.
 46038 | Elf:1    | Noticed Ughomex's ghost (adept HOBe)
 46316 | Elf:1    | Received a gift from Trog
 46902 | Elf:1    | Found Edumaoch's Book Emporium.
 46902 | Elf:1    | Found Meqia's Jewellery Boutique.
 46903 | Elf:1    | Found Jeusom's Book Emporium.
 46916 | Elf:1    | Reached XP level 21. HP: 157/184 MP: 20/20
 46973 | Elf:1    | Bought the ring "Qythyf" {rPois EV+5 Str+3} for 588 gold
                  | pieces
 47204 | Elf:1    | Killed Ughomex's ghost
 47436 | Elf:2    | Found a magical portal.
 47441 | WizLab   | Entered Cigotuvi's Fleshworks
 47496 | WizLab   | Lost intelligence.
 48017 | WizLab   | Paralysed by a floating eye for 3 turns
 48075 | WizLab   | Identified the amulet of Doors {Reflect rPois Int+3 SH+5}
 48121 | WizLab   | Received a gift from Trog
 48431 | Elf:2    | Found Icsuv's Armour Boutique.
 48533 | Elf:2    | Found a runed translucent gate.
 48533 | Elf:2    | Found a runed translucent gate.
 48533 | Elf:2    | Found a runed translucent gate.
 49131 | Elf:3    | Entered Level 3 of the Elven Halls
 49139 | Elf:3    | Received a gift from Trog
 49915 | Elf:3    | Reached skill level 27 in Armour
 49960 | Elf:3    | Identified the amulet "Mishruox" {Spirit rPois}
 50082 | Elf:3    | Received a gift from Trog
 50110 | Elf:3    | Identified the +4 battleaxe of the People {heavy, rC+++
                  | Str+3 Dex-5}
 50178 | Elf:3    | Identified the +6 rapier "Yceomoin" {flame, Int+2}
 50178 | Elf:3    | Identified the ring "Etoaz" {Fire rN+ Str+3}
 50287 | Elf:3    | Found the +8 trishula "Condemnation" {holy, anguish, *Noise
                  | Fly rN+}
 50315 | Elf:3    | Identified the +1 robe of the Ditch-Digger {+Blink Fly rF-
                  | Regen+}
 50610 | Crypt:1  | Entered Level 1 of the Crypt
 50781 | Crypt:1  | Received a gift from Trog
 50801 | Crypt:1  | Reached XP level 22. HP: 189/190 MP: 21/21
 50813 | Crypt:1  | Noticed Saint Roka
 50821 | Crypt:1  | Killed Saint Roka
 51718 | Crypt:2  | Received a gift from Trog
 52390 | Crypt:3  | Entered Level 3 of the Crypt
 52513 | Crypt:3  | Reached skill level 27 in Shields
 52706 | Crypt:3  | Received a gift from Trog
 52749 | Crypt:3  | Noticed a dread lich
 52757 | Crypt:3  | Killed a dread lich
 52847 | Crypt:3  | Noticed a curse toe
 52854 | Crypt:3  | Killed a curse toe
 53038 | Crypt:3  | Received a gift from Trog
 53202 | Crypt:3  | Noticed an ancient lich
 53215 | Crypt:3  | Killed an ancient lich
 53287 | Crypt:3  | Noticed an ancient lich
 53296 | Crypt:3  | Killed an ancient lich
 53329 | Crypt:3  | Identified the staff of air "Utaetig" {Contam rElec Int+4
                  | SInv}
 53339 | Crypt:3  | Identified the ring of Estarug {Str-4 Int+6 Dex+5}
 53546 | Crypt:3  | Reached XP level 23. HP: 202/203 MP: 22/22
 54112 | Crypt:3  | Found a staircase to the Tomb.
 54380 | Vaults:5 | Entered Level 5 of the Vaults
 54445 | Vaults:4 | Received a gift from Trog
 55037 | Vaults:5 | Identified the +7 glaive of Dismay {spect, Contam Int+5
                  | Dex+4}
 55038 | Vaults:5 | Identified the +7 long sword "Sutaydem" {venom, Will+
                  | Int+5}
 55043 | Vaults:5 | Identified the +4 scimitar of Wodan {protect, Drain rElec
                  | rCorr}
 55178 | Vaults:5 | Identified the +1 sling "Beetlebane" {heavy, rN+ SInv}
 55275 | Vaults:5 | Received a gift from Trog
 55539 | Vaults:5 | Noticed a dread lich
 55562 | Vaults:5 | Killed a dread lich
 56008 | Vaults:5 | Identified a scroll of acquirement
 56011 | Vaults:5 | Identified the +4 rapier of Infinite Pain {freeze, *Noise
                  | Drain rElec Str+3}
 56016 | Vaults:5 | Got a silver rune of Zot
 56668 | Vaults:5 | Identified the +6 glaive "Keidwulil" {freeze, rN+}
 56702 | Vaults:5 | Acquired a +1 crystal plate armour
 56964 | Depths:1 | Entered Level 1 of the Depths
 56984 | Depths:1 | Noticed Nikola
 56993 | Depths:1 | Killed Nikola
 57269 | Depths:1 | Received a gift from Trog
 57566 | Depths:1 | Paralysed by a floating eye for 3 turns
 57607 | Depths:1 | Found a gateway to Hell.
 57652 | Depths:1 | Found a runed translucent gate.
 57653 | Depths:1 | Found a runed translucent gate.
 57653 | Depths:1 | Found a runed translucent gate.
 57670 | Depths:1 | Reached XP level 24. HP: 218/218 MP: 22/22
 57695 | Depths:1 | Acquired the ring "Sitaism" {rF+ Int+5}
 58384 | Depths:2 | Received a gift from Trog
 58843 | Depths:2 | Found a runed translucent gate.
 58843 | Depths:2 | Found a runed translucent gate.
 58843 | Depths:2 | Found a runed translucent gate.
 58996 | Depths:2 | Found a one-way gate leading to the halls of Pandemonium.
 59368 | Depths:2 | Identified the +6 war axe of the Fox {heavy, rElec rPois
                  | rF+ rN+} (Trog gifted it to you on level 2 of the Depths)
 59368 | Depths:2 | Received a gift from Trog
 59379 | Depths:2 | Found a runed translucent gate.
 59379 | Depths:2 | Found a runed translucent gate.
 59382 | Depths:2 | Found a runed translucent gate.
 59382 | Depths:2 | Noticed Plog's ghost (adept DgCj)
 59386 | Depths:2 | Reached XP level 25. HP: 226/232 MP: 22/22
 59397 | Depths:2 | Gained mutation: You have hidden genetic defects. [a
                  | cacodemon]
 59409 | Depths:2 | Lost mutation: You have hidden genetic defects. [potion of
                  | mutation]
 59409 | Depths:2 | Gained mutation: You are partially covered in iridescent
                  | scales. (AC +2) [potion of mutation]
 59423 | Depths:2 | Killed Plog's ghost
 59500 | Depths:2 | Identified the +2 pair of gloves of the Monkey's Uncle {rN+
                  | Int+3 Stlth+}
 59697 | Depths:3 | Noticed Jory
 59710 | Depths:3 | Killed Jory
 59760 | Depths:3 | Paralysed by a floating eye for 4 turns
 59767 | Depths:3 | Found a one-way gateway to a ziggurat.
 59965 | Depths:3 | Acquired the amulet "Akhuk" {Reflect Str+4 SH+5}
 60145 | Depths:3 | Received a gift from Trog
 60145 | Depths:3 | Noticed the Enchantress
 60164 | Depths:3 | Killed the Enchantress
 60481 | Depths:3 | You fall into a shaft and drop 1 floor!
 60481 | Depths:4 | Entered Level 4 of the Depths
 60498 | Depths:4 | Reached XP level 26. HP: 169/244 MP: 22/22
 60731 | Depths:3 | Found a one-way gate to the infinite horrors of the Abyss.
 61406 | Depths:4 | Found a gate to the Realm of Zot.
 61620 | Depths:4 | Identified the +5 war axe of the Doomed Warrior {venom, rF+
                  | Int+2 Stlth+}
 62237 | D:14     | Bought a potion of mutation for 216 gold pieces
 62351 | Zot:1    | Entered Level 1 of the Realm of Zot
 62355 | Zot:1    | Received a gift from Trog
 65399 | Zot:3    | Received a gift from Trog
 65947 | Zot:3    | Found the +3 Elemental Staff {rElec rF+ rC+ AC+3}
 66860 | Zot:4    | Received a gift from Trog
 67086 | Zot:4    | Reached XP level 27. HP: 245/258 MP: 22/22
 68005 | Zot:5    | Entered Level 5 of the Realm of Zot
 68458 | Zot:5    | Noticed a dread lich
 68476 | Zot:5    | Killed a dread lich
 68640 | Zot:5    | Noticed a dread lich
 68640 | Zot:5    | Noticed a dread lich
 68642 | Zot:5    | Noticed an orb of fire
 68647 | Zot:5    | Gained mutation: You sometimes lose your temper in combat.
                  | [an orb of fire]
 68649 | Zot:5    | Killed an orb of fire
 68651 | Zot:5    | Killed a dread lich
 68654 | Zot:5    | Killed a dread lich
 68696 | Zot:5    | Lost mutation: You are partially covered in iridescent
                  | scales. (AC +2) [potion of mutation]
 68696 | Zot:5    | Lost mutation: You sometimes lose your temper in combat.
                  | [potion of mutation]
 68696 | Zot:5    | Gained mutation: Your body sometimes deteriorates upon
                  | taking damage. [potion of mutation]
 68832 | Zot:5    | Noticed a dread lich
 68842 | Zot:5    | Killed a dread lich
 69024 | Zot:5    | Noticed an ancient lich
 69103 | Zot:5    | Noticed an ancient lich
 69113 | Zot:5    | Killed an ancient lich
 69380 | Zot:5    | Noticed a dread lich
 69381 | Zot:5    | Noticed an ancient lich
 69382 | Zot:5    | Noticed an ancient lich
 69382 | Zot:5    | Noticed an orb of fire
 69389 | Zot:5    | Killed a dread lich
 69393 | Zot:5    | Killed an ancient lich
 69396 | Zot:5    | Gained mutation: Your spells are a little easier to cast,
                  | but a little less powerful. [an orb of fire]
 69397 | Zot:5    | Lost mutation: Your spells are a little easier to cast, but
                  | a little less powerful. [an orb of fire]
 69400 | Zot:5    | Killed an ancient lich
 69402 | Zot:5    | Killed an orb of fire
 69779 | Zot:5    | Killed an ancient lich
 69859 | Zot:5    | Lost mutation: Your body sometimes deteriorates upon taking
                  | damage. [potion of mutation]
 69859 | Zot:5    | Gained mutation: Your flesh is cold resistant. (rC+)
                  | [potion of mutation]
 69859 | Zot:5    | Gained mutation: Your movements are slightly less
                  | encumbered by armour. (ER -2) [potion of mutation]
 69859 | Zot:5    | Gained mutation: You passively dampen the noise of your
                  | surroundings. [potion of mutation]
 69859 | Zot:5    | Gained mutation: You are partially covered in iridescent
                  | scales. (AC +2) [potion of mutation]
 69901 | Zot:5    | Got the Orb of Zot
 69939 | Zot:5    | Gained mutation: You occasionally lose the ability to drink
                  | potions when taking damage. [a cacodemon]
 69945 | Zot:5    | Identified the +13 battleaxe "Uviur" {heavy, rC++ Dex+4}
                  | (Trog gifted it to you on level 5 of the Realm of Zot)
 69945 | Zot:5    | Received a gift from Trog
 70412 | D:$      | Escaped with the Orb!

Illustrated notes

Levels and vault maps discovered:
D:1:      matt_arrival_grand_opening, layout_basic, minmay_lizard_king
D:2:      layout_loops_ring, basic_altar, serial_bayou_lagoon_a,
          minmay_misc_feat_plants, uniq_jessica
D:3:      layout_loops_ring, nicolae_wu_jian_glorious_leap,
          mainiacjoe_overflow_small_starburst
D:4:      layout_cave_pools, serial_column_ruins, column_ruins_hut,
          column_ruins_grid_1, column_ruins_corridor_corner,
          column_ruins_grid_1, column_ruins_open_small_water,
          column_ruins_open_large, column_ruins_open_small_water,
          column_ruins_corridor_straight, uniq_edmund, uniq_ijyb
D:5:      layout_loops_ring
D:6:      kennysheep_steamy, layout_basic, minmay_temple_entry_mini_moons,
          gammafunk_ghost_split, uniq_menkaure
D:7:      layout_basic
D:8:      layout_basic, gammafunk_temple_overflow_pools, enter_ossuary_3,
          gammafunk_ghost_nasty_kobolds, uniq_maurice, uniq_joseph
D:9:      layout_irregular_city, uniq_psyche
D:10:     layout_irregular_city, david_lair_generic, david_orc_2,
          bh_circular_ruins, uniq_lodul
D:11:     layout_roguey, uniq_sonja
D:12:     layout_stronghold, grunt_ministairs_1, minmay_misc_feat_enclosed,
          serial_bayou_pond_b
D:13:     layout_irregular_city, david_vaults_5, serial_glass, glass_columns_b,
          glass_columns_b, glass_columns_b, glass_columns_a, glass_columns_a,
          glass_columns_a, due_unseen_surprise, item_on_display_a,
          item_on_display_a
D:14:     layout_roguey, ebering_ghost_gozag, infiniplex_staircase_zigzag_5,
          columned_hall_lemuel
D:15:     hangedman_depths_entry_try_elsewhere_first, layout_loops_ring,
          amcnicky_mini_pool_medium
Lair:1:   gammafunk_cloud_chamber, layout_misc_corridors, gammafunk_ghost_hive
Lair:2:   layout_regular_city, grunt_forest_large_clearing_hut,
          infiniplex_staircase_pool_2, grunt_megastairs_4
Lair:3:   layout_small_grid, minmay_shoals_entry_lonely_mermaid,
          guppyfry_snake_entry_island, st_stairs_8
Lair:4:   layout_roguey, lemuel_fruit_fields
Lair:5:   evilmike_catoblepas_cave, layout_gridlike, slime_entry_1
Shoals:1: layout_shoals
Shoals:2: cheibrodos_shoals_gigantism, layout_shoals
Shoals:3: layout_shoals, uniq_ilsuiw
Shoals:4: shoals_end_hangedman, layout_shoals
Snake:1:  layout_misc_corridors, grunt_megastairs_2, uniq_jorgrun, uniq_asterion
Snake:2:  layout_onion_interference, nicolae_wooded_promenade,
          nicolae_snake_single_loop
Snake:3:  layout_misc_corridors, lemuel_fruit_tree
Snake:4:  grunt_snake_rune_spirals, layout_concentric_octagons, serial_shops,
          bzr_entry_safe
Orc:1:    layout_caves, serial_shops, nicolae_shop_hallway_stairs, uniq_erica
Orc:2:    st_orc_ogre_mass, layout_caves, serial_shops,
          nicolae_shop_just_a_little_nook, basic_altar, nicolae_orc_lava_tube
Elf:1:    minmay_elf_arrival_summoners, layout_onion_city,
          hellmonk_ghost_happy_afterlife, hangedman_elf_represent,
          minmay_shop_grove
Elf:2:    elven_hall_of_blades_hangedman_original [mumra_blade_entry_dagger],
          layout_geoelf_diagonals, mu_enter_wizlab_1, serial_shops,
          nicolae_shop_just_a_little_nook
Elf:3:    elf_hall, layout_gridlike
Vaults:1: v_misc_4, vaults_dpeg_hooks, v_misc_33,
          nicolae_vaults_little_squares_4, nicolae_vaults_off_center_swirl,
          hangedman_vaults_nodes, hangedman_vaults_river_flow, v_misc_28,
          nicolae_vaults_layer_cake_slice, nicolae_vaults_turnstiles,
          layout_vaults_maze, serial_shops, bzr_in_the_mist
Vaults:2: vaults_dpeg_emergency_exit, nicolae_vaults_network_periphery,
          v_misc_11, nicolae_vaults_network_square, vaults_room_corners,
          nicolae_vaults_wine_cellar, vaults_mumra_minichess_inversion,
          layout_vaults_omnigrid, minmay_crypt_entry_necro_gods
Vaults:3: hangedman_vaults_locks, nicolae_vaults_storage_closets_1,
          nicolae_vaults_storage_room_statues,
          nicolae_vaults_diagonal_hallway_6, vaults_mumra_minichess,
          hangedman_vaults_corner, nicolae_vaults_circle_grid_b,
          hangedman_vaults_variations, v_alt_pattern_5,
          nicolae_vaults_little_squares_1, st_hourglassy, v_misc_15,
          nicolae_vaults_oval_intersection, nicolae_vaults_house_2,
          grunt_vaults_hallway_long, layout_vaults_omnicross, serial_shops,
          shop_coins
Vaults:4: emtedronai_trogs_sanctum, grunt_vaults_trifunnel,
          vaults_room_large_hall, vaults_room_ringed_pool, grunt_vaults_twisty,
          v_alt_pattern_4, vaults_standard_mumra_lines, v_alt_pattern_2,
          vaults_room_fours, nicolae_vaults_ring_of_whatevers,
          vaults_room_hallway, nicolae_vaults_three_branches, vaults_dpeg_ring,
          layout_vaults_omnibox
Vaults:5
Crypt:1:  layout_rooms, grunt_crypt_arrival_guarded_gate, grunt_megastairs_5,
          uniq_saint_roka
Crypt:2:  layout_misc_corridors, minmay_misc_feat_columns,
          corexii_hall_statues_x, corner_web_ring
Crypt:3:  david_glass_crypt, layout_gridlike, tomb_entry_sphere_bobbens,
          special_room [special_room_morgue], st_stairs_10
Depths:1: layout_honeycomb, minmay_stone_trees_small, hellmouth_3,
          chequers_serial_rivers_large_b, kennysheep_minor_cross,
          pandoras_box_mu, serial_bayou_shore_b, uniq_nikola
Depths:2: minmay_dotted_concentric_squares, layout_cave_pools,
          rand_demon_pan_entry_1, grunt_mini_vestibule,
          ploomutoo_gammafunk_ghost_potion_laboratory,
          kennysheep_cross_bottleneck, minmay_misc_feat_pillars
Depths:3: nooodl_glass_maze, layout_gridville, enter_ziggurat_d, hell_entry,
          nicolae_two_hexagons, abyss_entry_crystal, abandoned_shop,
          uniq_enchantress, uniq_jory
Depths:4: evilmike_zot_entry_diamond, layout_gridlike, serial_glass,
          glass_columns_a, glass_columns_b, glass_columns_b, glass_columns_a,
          glass_columns_a, glass_columns_b, glass_columns_a, glass_columns_a,
          due_unseen_surprise, minmay_strange_pillars, item_on_display_b,
          item_on_display_a, hell_entry, drop_trap
Zot:1:    layout_cathedral_of_symmetry, skrybe_zot_glass_2, grunt_megastairs_1
Zot:2:    layout_twisted_circle, grunt_ministairs_14
Zot:3:    layout_onion_interference, lemuel_flame_loot_1
Zot:4:    kennysheep_blocky_hall, layout_cathedral_of_symmetry
Zot:5:    layout_cathedral_of_symmetry

Skill      XL: |  1  2  3  4  5  6  7  8  9 10 11 12 13 14 15 16 17 18 19 20 21 22 23 24 25 26 27 |
---------------+----------------------------------------------------------------------------------+-----
Fighting       | 4 5 6 8 10 11 14 15 16 18 20 21 23 24 | 24.9
Axes           | 1 3 5 6 8 10 13 14 16 18 19 21 22 23 24 26 | 26.5
Armour         | 5 9 10 14 15 18 21 23 27 | 27.0
Dodging        | 5 10 12 13 15 18 19 20 21 22 24 25 | 25.4
Evocations     | 2 4 8 10 | 10.0
Shields        | 5 11 15 20 24 25 27 | 27.0
Short Blades   | |  3.2

Action                     |  1- 3 |  4- 6 |  7- 9 | 10-12 | 13-15 | 16-18 | 19-21 | 22-24 | 25-27 || total
---------------------------+-------+-------+-------+-------+-------+-------+-------+-------+-------++-------
  Melee: Short sword       |    50 |       |       |       |       |       |       |       |       ||    50
         Headbutt          |     9 |     9 |    53 |   163 |   200 |   274 |   316 |   378 |   307 ||  1709
         Hand axe          |    51 |    75 |   266 |   676 |   166 |       |       |       |       ||  1234
         Punch             |       |     1 |     3 |     1 |       |       |       |       |       ||     5
         Broad axe         |       |       |       |       |   558 |   981 |  1094 |  1124 |   906 ||  4663
         Whip              |       |       |       |       |    40 |       |       |       |       ||    40
  Throw: Dart              |       |       |       |     1 |       |       |       |     1 |       ||     2
 Invoke: Berserk           |     1 |     3 |    13 |     6 |     4 |       |     1 |       |       ||    28
         Trog's Hand       |       |     1 |     1 |     1 |    13 |     6 |     2 |     6 |     4 ||    34
         Brothers in Arms  |       |       |       |       |     4 |     4 |     5 |       |     2 ||    15
  Evoke: Wand              |       |       |     1 |    12 |     2 |     2 |     9 |     4 |     3 ||    33
         Lightning rod     |       |       |       |       |       |       |    12 |       |     3 ||    15
         Tin of tremorston |       |       |       |       |       |       |     4 |     2 |     1 ||     7
         Phantom mirror    |       |       |       |       |       |       |     1 |       |       ||     1
         Phial of floods   |       |       |       |       |       |       |     1 |       |       ||     1
    Use: Scroll            |       |       |     5 |     3 |    13 |    10 |    16 |    10 |    10 ||    67
         Potion            |       |       |       |       |     5 |     1 |     5 |     5 |    10 ||    26
   Stab: Sleeping          |     1 |       |       |       |       |       |       |       |       ||     1
         Petrified         |       |       |       |       |     4 |       |       |       |       ||     4
         Petrifying        |       |       |       |       |     1 |       |       |       |       ||     1
         Distracted        |       |       |       |       |     1 |     2 |     1 |       |       ||     4
 Armour: Animal skin       |    17 |       |       |       |       |       |       |       |       ||    17
         Chain mail        |     3 |    19 |    61 |       |       |       |       |       |       ||    83
         Plate armour      |       |       |    25 |   255 |   365 |   239 |   211 |   156 |       ||  1251
         Skin              |       |       |       |     2 |       |       |       |       |       ||     2
         Gold dragon scale |       |       |       |       |       |       |       |    26 |   258 ||   284
  Dodge: Dodged            |    48 |    20 |    74 |   248 |   402 |   454 |   531 |   409 |   521 ||  2707
  Block: Buckler           |       |       |       |   113 |   105 |       |       |       |       ||   218
         Kite shield       |       |       |       |       |   214 |   284 |       |       |       ||   498
         Tower shield      |       |       |       |       |       |   584 |  1176 |  1394 |  1189 ||  4343
         Reflection        |       |       |       |       |       |       |    32 |    27 |    32 ||    91
